 Dungeon Crawl Stone Soup version 0.30-a0-1124-g6e8f0f562f (webtiles) character file.

Game seed: 5312182010025548913

15749 ketsa the Grappler (level 12, -1/106 HPs)
             Began as a Ghoul Fighter on Apr 23, 2023.
             Was a Believer of Ru.
             Slain by a two-headed ogre
             ... wielding a +0 giant spiked club
              (31 damage)
             ... on level 11 of the Dungeon.
             The game lasted 01:13:14 (18459 turns).

ketsa the Grappler (Ghoul Fighter)                 Turns: 18459, Time: 01:13:14

Health: -1/106     AC: 12    Str: 21    XL:     12   Next: 30%
Magic:  11/11      EV: 12    Int:  5    God:    Ru [**....]
Gold:   567        SH:  5    Dex: 10    Spells: 11/11 levels left

rFire   + .          .
                       - Unarmed
rCold   + + .        b - +0 buckler
rNeg    + + +        t - +1 ring mail {rF+}
rPois   ∞            q - +0 helmet {SInv}
rElec   .            Q - +0 cloak
rCorr   .            (no gloves)
SInv    +            K - +0 pair of boots
Will    .....        (no amulet)
Stlth   +            T - ring of protection from cold
HPRegen 0.00/turn    (no ring)
MPRegen 0.12/turn

%: no passive effects
@: mighty, inhibited regen, unable to read
A: claws 1, cold resistance 1, negative energy resistance 3, inhibited
regeneration, torment resistance 2, inability to read after injury 2, no fire
magic, no hexes magic, no translocations magic, disrupted magic 1, devour on
kill
a: Renounce Religion


You were on level 11 of the Dungeon.
You worshipped Ru.
Ru was pleased with you.
You visited 4 branches of the dungeon, and saw 15 of its levels.

You collected 751 gold pieces.
You spent 184 gold pieces at shops.

Inventory:

Hand Weapons
 e - a +0 spear
 g - a +1 short sword
 z - a +0 arbalest
 I - a +2 whip of freezing
 R - a +1 hammer of protection
Missiles
 d - 85 stones
 x - 16 poisoned darts (quivered)
 G - a silver boomerang
 H - 4 throwing nets
 M - 6 boomerangs
Armour
 a - a +0 scale mail
 b - a +0 buckler (worn)
 l - a +0 leather armour
 q - a +0 helmet of see invisible (worn)
 t - a +1 ring mail of fire resistance (worn)
 K - a +0 pair of boots (worn)
 N - a scarf of repulsion
 O - +0 steam dragon scales
 Q - a +0 cloak (worn)
 V - a +2 robe of willpower
 W - the +0 scale mail "Adoron" {*Slow +Blink Regen+}
   (You found it on level 8 of the Dungeon)

   +Blink:    It lets you blink.
   Regen:     It increases your rate of health regeneration.
   *Slow:     It may slow you when you take damage.
 X - a +0 plate armour
Magical Staves
 k - a staff of fire
 D - a staff of death
Jewellery
 s - an amulet of guardian spirit
 u - a ring of ice
 T - a ring of protection from cold (left claw)
Wands
 B - a wand of charming (8)
 L - a wand of flame (58)
 S - a wand of digging (12)
Scrolls
 f - a scroll of torment
 h - 5 scrolls of fear
 j - 2 scrolls of fog
 n - a scroll of amnesia {unknown}
 o - 4 scrolls of vulnerability
 p - 5 scrolls of teleportation
 v - 5 scrolls of enchant weapon
 y - 2 scrolls of noise
 A - 4 scrolls of magic mapping
 C - 4 scrolls of blinking
 J - 2 scrolls of immolation
 U - 3 scrolls of poison
 Z - 2 scrolls of enchant armour
Potions
 c - a potion of might
 i - 3 potions of curing
 m - 7 potions of attraction
 r - 2 potions of brilliance
 E - a potion of magic


   Skills:
 - Level 10.0 Fighting
 - Level 1.0 Ranged Weapons
 - Level 8.3 Armour
 + Level 4.6 Dodging
 + Level 2.3 Stealth
 - Level 5.0 Shields
 - Level 14.9 Unarmed Combat
 + Level 1.2 Evocations


You had 11 spell levels left.
You didn't know any spells.
Your spell library contained the following spells:

 Spells                   Type           Power      Damage    Failure   Level
 Shock                    Conj/Air       0%         1d3       77%         1
 Call Canine Familiar     Summ           0%         N/A       98%         3
 Swiftness                Air            0%         N/A       98%         3
 Airstrike                Air            0%         2d(0-16)  100%        4
 Summon Ice Beast         Ice/Summ       0%         N/A       100%        4
 Arcjolt                  Conj/Air       0%         1d10      100%        5
 Monstrous Menagerie      Summ           0%         N/A       100%        7
 Maxwell's Capacitive Co  Air            0%         ∞         100%        8
 Inner Flame              Hex/Fire       Unusable   N/A       N/A         3
 Portal Projectile        Hex/Tloc       Unusable   N/A       N/A         3
 Vhi's Electric Charge    Tloc/Air       Unusable   N/A       N/A         3
 Flame Wave               Conj/Fire      Unusable   2d4       N/A         4
 Leda's Liquefaction      Hex/Erth       Unusable   N/A       N/A         4
 Sticky Flame             Conj/Fire      Unusable   2d3       N/A         4
 Summon Mana Viper        Hex/Summ       Unusable   N/A       N/A         5

Dungeon Overview and Level Annotations

Branches:
Dungeon (12/15)            Temple (1/1) D:5            Lair (1/5) D:11
    Orc (1/2) D:11

Altars:
Ashenzari
Cheibriados
Dithmenos
Fedhas
Gozag
Hepliaklqana
Kikubaaqudgha
Makhleb
Nemelex Xobeh
Okawaru
Qazlal
Ru
Sif Muna
Trog
Uskayaw
Vehumet
Wu Jian
Xom
Yredelemnul

Shops:
D:5 :   D:7 [   D:10 ?   D:11 ?[


Innate Abilities, Weirdness & Mutations

You are immune to poison.
You have sharp fingernails.
Your flesh is cold resistant. (rC+)
You are immune to negative energy. (rN+++)
You do not regenerate when monsters are visible.
You are immune to unholy pain and torment.
You sometimes lose the ability to read scrolls when taking damage.
You cannot study or cast Fire magic.
You cannot study or cast Hexes magic.
You cannot study or cast Translocations magic.
Your casting is slightly disrupted.
You thrive by killing the living.


Message History

You block the two-headed ogre's attack. The troll closely misses you.
The troll barely misses you. The troll claws you.
The orc hits you but does no damage.
You climb upwards.
Welcome back to the Dungeon!
There is a staircase to the Orcish Mines here.
You scratch the troll but do no damage.
You scratch the two-headed ogre but do no damage.
The troll bites you.
The troll claws you but does no damage. x2
The two-headed ogre closely misses you.
The two-headed ogre hits you with a +0 giant club.
You strike the helpless two-headed ogre from behind!
You mangle the two-headed ogre!!
The two-headed ogre is moderately wounded.
The troll bites you. The troll claws you!
* * * LOW HITPOINT WARNING * * *
The troll misses you.
You mangle the two-headed ogre!!
The two-headed ogre is severely wounded.
The two-headed ogre closely misses you. You block the two-headed ogre's attack.
The troll barely misses you. The troll closely misses you.
The troll misses you.
You cannot read scrolls in your current state!
You feel much better.
You can read scrolls again.
The troll closely misses you. You block the troll's attack.
The troll barely misses you.
The two-headed ogre hits you with a +0 giant spiked club!
You feel threatened and lose the ability to read scrolls!
The two-headed ogre barely misses you.
Okay, then.
Okay, then.
You feel very mighty all of a sudden. The troll bites you!
* * * LOW HITPOINT WARNING * * *
The troll misses you. The troll claws you.
* * * LOW HITPOINT WARNING * * *
You barely miss the two-headed ogre.
The two-headed ogre is severely wounded.
The two-headed ogre hits you with a +0 giant spiked club!!
You die...

######### ###
#.......######.#####
#.......'.))).......
#.......######......
#.......# #......
#.......# #.#####
#..OT...# ##.#####
#..@....# ##.......
#...)...####........
######.....o.#......
###..#.##......
#..##.##.#####
#>.......≈≈≈≈≈
#.....~.~..≈≈≈≈≈
#.......~..~≈≈≈≈
#.....~~~~.~~~~~


You could see a two-headed ogre (blind) and a troll.

Vanquished Creatures
  Harold (D:11)
  4 two-headed ogres
  Pikel (D:6)
  A deep elf pyromancer (D:11)
  An ugly thing (D:11)
  A cyclops (D:11)
  A manticore (D:11)
  3 gargoyles (D:11)
  A kobold demonologist (D:9)
  3 trolls
  Prince Ribbit (D:6)
  3 blink frogs (D:11)
  2 wyverns
  11 yaks
  4 water elementals
  A wraith (D:8)
  4 steam dragons
  Menkaure (D:6)
  2 water moccasins
  3 acid dragons
  An ice beast (D:7)
  5 orc warriors
  A sky beast (D:7)
  A black bear (D:4)
  3 ogres
  5 centaurs
  3 lemures (D:5)
  2 phantoms (D:5)
  A bullfrog (D:6)
  2 kobold brigands
  4 scorpions
  8 wights
  16 killer bees
  5 howler monkeys
  6 electric eels (D:11)
  A jelly (D:4)
  A crimson imp (D:7)
  4 hounds
  3 orc priests
  Crazy Yiuf (D:7)
  2 sleepcaps (D:6)
  Natasha (thrice) (D:3)
  3 iguanas
  A gnoll bouda (D:3)
  7 orc wizards
  10 gnolls (D:3)
  3 adders
  A shadow imp (D:5)
  3 white imps
  2 ufetubi (D:5)
  2 worms
  4 dart slugs
  39 orcs
  6 bats
  7 endoplasms
  A giant cockroach (D:4)
  35 goblins
  36 hobgoblins
  11 jackals
  21 kobolds
  5 quokkas
  8 ball pythons
  4 frilled lizards
  4 rats
340 creatures vanquished.

Vanquished Creatures (others)
  A wight (D:9)
  A killer bee (D:9)
  A jelly (D:8)
3 creatures vanquished.

Grand Total: 343 creatures vanquished

Notes
Turn   | Place    | Note
-------+----------+-------------------------------------------
     0 | D:1      | ketsa the Ghoul Fighter began the quest for the Orb.
     0 | D:1      | Reached XP level 1. HP: 19/19 MP: 0/0
   204 | D:1      | Reached XP level 2. HP: 26/26 MP: 1/1
   364 | D:1      | Reached skill level 3 in Unarmed Combat
   381 | D:1      | Reached XP level 3. HP: 31/31 MP: 2/2
  1089 | D:2      | Found a sacrificial altar of Ru.
  1099 | D:2      | Became a worshipper of Ru the Awakened
  1418 | D:2      | Reached XP level 4. HP: 38/38 MP: 3/3
  1980 | D:3      | Noticed a scorpion
  2135 | D:3      | Found a shimmering altar of Xom.
  2196 | D:3      | Gained mutation: Your casting is slightly disrupted. [Ru
                  | sacrifice]
  2318 | D:3      | Reached skill level 4 in Unarmed Combat
  2421 | D:3      | Killed a scorpion
  2422 | D:3      | Reached XP level 5. HP: 35/45 MP: 4/4
  2929 | D:3      | Reached XP level 6. HP: 51/51 MP: 5/5
  3005 | D:3      | Reached skill level 5 in Unarmed Combat
  3068 | D:3      | Noticed Natasha
  3159 | D:3      | Found a burning altar of Makhleb.
  3228 | D:3      | Killed Natasha
  3542 | D:3      | Noticed Natasha
  3563 | D:3      | Killed Natasha
  3652 | D:3      | Noticed Natasha
  3664 | D:3      | Killed Natasha
  3871 | D:3      | Reached XP level 7. HP: 41/57 MP: 6/6
  4511 | D:4      | Found a shadowy altar of Dithmenos.
  4622 | D:3      | Reached skill level 6 in Unarmed Combat
  4624 | D:3      | Gained mutation: You occasionally lose the ability to read
                  | scrolls when taking damage. [Ru sacrifice]
  4624 | D:3      | Gained mutation: You sometimes lose the ability to read
                  | scrolls when taking damage. [Ru sacrifice]
  4624 | D:3      | Reached * piety under Ru
  5446 | D:5      | Entered Level 5 of the Dungeon
  5517 | D:6      | Reached skill level 7 in Unarmed Combat
  5517 | D:6      | Reached XP level 8. HP: 59/63 MP: 7/7
  5786 | D:5      | Reached skill level 5 in Armour
  5786 | D:5      | Reached skill level 5 in Shields
  6333 | D:5      | Reached skill level 8 in Unarmed Combat
  6335 | D:5      | Found Piuplue's Book Emporium.
  6355 | D:5      | Found a staircase to the Ecumenical Temple.
  6427 | Temple   | Entered the Ecumenical Temple
  6893 | D:6      | Noticed Pikel
  6903 | D:6      | Killed Pikel
  6904 | D:6      | Reached skill level 5 in Fighting
  6904 | D:6      | Reached skill level 9 in Unarmed Combat
  6904 | D:6      | Reached XP level 9. HP: 74/74 MP: 8/8
  6995 | D:6      | Noticed Menkaure
  7146 | D:6      | Killed Menkaure
  7456 | D:6      | Noticed Prince Ribbit
  7477 | D:6      | Killed Prince Ribbit
  7907 | D:7      | Reached skill level 10 in Unarmed Combat
  8353 | D:7      | Found a runed translucent door.
  8354 | D:7      | Noticed Crazy Yiuf
  8359 | D:7      | Killed Crazy Yiuf
  8376 | D:7      | Identified the +9 hammer "Pendulum" {holy, rF+ Str-4 Int+3
                  | SInv}
  8572 | D:7      | Found Ziabbeez's Armour Emporium.
  9127 | D:7      | Reached XP level 10. HP: 78/84 MP: 9/9
  9443 | D:8      | Reached skill level 11 in Unarmed Combat
 10851 | D:8      | Identified the +0 scale mail "Adoron" {*Slow +Blink Regen+}
 11320 | D:9      | Found a shimmering blue altar of Sif Muna.
 11358 | D:9      | Noticed a two-headed ogre
 11372 | D:9      | Killed a two-headed ogre
 11373 | D:9      | Reached skill level 12 in Unarmed Combat
 11448 | D:9      | Found a sacrificial altar of Ru.
 11469 | D:9      | Noticed a two-headed ogre
 11488 | D:9      | Killed a two-headed ogre
 11827 | D:9      | Reached XP level 11. HP: 89/94 MP: 10/10
 12381 | D:9      | Reached skill level 13 in Unarmed Combat
 12569 | D:10     | Entered Level 10 of the Dungeon
 12569 | D:10     | Noticed a two-headed ogre
 12578 | D:9      | Killed a two-headed ogre
 12841 | D:10     | Found Cibaggell's Magic Scroll Shoppe.
 12876 | D:10     | Bought a scroll of teleportation for 39 gold pieces
 12876 | D:10     | Bought a scroll of magic mapping for 97 gold pieces
 12882 | D:10     | Bought a scroll of identify for 26 gold pieces
 13149 | D:10     | Reached skill level 1 in Dodging
 13268 | D:10     | Gained mutation: You cannot study or cast Fire magic. [Ru
                  | sacrifice]
 13268 | D:10     | Gained mutation: You cannot study or cast Hexes magic. [Ru
                  | sacrifice]
 13268 | D:10     | Gained mutation: You cannot study or cast Translocations
                  | magic. [Ru sacrifice]
 13268 | D:10     | Reached ** piety under Ru
 13738 | D:11     | Found Axzib's Armour Boutique.
 14146 | D:11     | Found a staircase to the Lair.
 14150 | D:11     | Noticed a two-headed ogre
 14171 | D:11     | Killed a two-headed ogre
 14172 | D:11     | Reached skill level 14 in Unarmed Combat
 14305 | D:11     | Noticed a manticore
 14496 | D:11     | Killed a manticore
 14600 | D:11     | Noticed a cyclops
 14619 | D:11     | Noticed a deep elf pyromancer
 14794 | D:11     | Found Ahoavuj's Magic Scroll Boutique.
 14806 | D:11     | Bought a scroll of identify for 22 gold pieces
 15098 | D:11     | Killed a cyclops
 15361 | D:11     | Noticed a white ugly thing
 15380 | D:11     | Killed a white ugly thing
 16343 | D:11     | Reached XP level 12. HP: 59/106 MP: 11/11
 16668 | Lair:1   | Entered Level 1 of the Lair of Beasts
 16994 | D:11     | Reached skill level 10 in Fighting
 17397 | D:11     | Reached skill level 1 in Stealth
 17677 | D:11     | Reached skill level 1 in Ranged Weapons
 17833 | D:11     | Noticed Harold
 17915 | D:11     | Killed Harold
 17916 | D:11     | Reached skill level 1 in Evocations
 18290 | D:11     | Found a staircase to the Orcish Mines.
 18299 | Orc:1    | Entered Level 1 of the Orcish Mines
 18309 | Orc:1    | Noticed a two-headed ogre
 18459 | D:11     | Slain by a two-headed ogre

Illustrated notes

Levels and vault maps discovered:
D:1:      dpeg_arrival_arbitrary_a, layout_loops_ring, minmay_indecisive_spiral
D:2:      layout_basic, basic_altar
D:3:      minmay_goblin_kobold_castle, layout_basic, marbit_many_paths,
          lemuel_coloured_pillars_altar, minmay_stone_trees_medium,
          st_stairs_13, uniq_natasha
D:4:      layout_basic, lemuel_doored_altar, grunt_dithmenos_smoke_and_mirrors,
          minmay_misc_feat_columns
D:5:      layout_basic, minmay_temple_entry_grid, serial_shops,
          nicolae_shop_behind_doors, grunt_tough_drop
D:6:      layout_basic, nrook_mini_vaults, minmay_misc_feat_room,
          grunt_decor_one_mirror, uniq_prince_ribbit1, uniq_menkaure, uniq_pikel
D:7:      layout_gridville, serial_shops, shop, minmay_fire_ice_demons,
          uniq_crazy_yiuf_cottage
D:8:      layout_layer_cave
D:9:      layout_rooms, mainiacjoe_overflow_catwalk,
          nicolae_ru_sacrificial_ziggurat, minmay_misc_feat_more_columns
D:10:     layout_small_grid, serial_shops, nicolae_shop_waterfront
D:11:     layout_basic, lair_entry_dummy, orc_0_dummy, serial_shops, shop,
          nicolae_shop_trees, uniq_harold
D:12:     layout_stronghold, nicolae_trove_entry_crystal,
          hangedman_abyss_or_decor_stagger, ashenzari_conservatory_becter
Temple:   nicolae_temple_x_marks_the_god
Lair:1:   lemuel_reptile_caves, layout_gridlike, lemuel_fruit_tree,
          infiniplex_staircase_pool_2, uniq_fannar, uniq_gastronok
Orc:1:    layout_caves, gammafunk_ghost_wrathful_warriors

Skill      XL: |  1  2  3  4  5  6  7  8  9 10 11 12 |
---------------+-------------------------------------+-----
Armour         | 3 4 6 8 |  8.3
Shields        | 3 4 5 |  5.0
Unarmed Combat | 3 4 5 7 9 10 12 14 | 14.9
Fighting       | 5 6 8 9 10 | 10.0
Dodging        | 3 4 |  4.6
Stealth        | 2 |  2.3
Ranged Weapons | 1 |  1.0
Evocations     | 1 |  1.2

Action                     |  1- 3 |  4- 6 |  7- 9 | 10-12 || total
---------------------------+-------+-------+-------+-------++-------
  Melee: Unarmed           |   149 |   322 |   345 |   541 ||  1357
  Throw: Stone             |       |    22 |       |       ||    22
         Dart              |       |     9 |    32 |    60 ||   101
 Invoke: Sacrifice Essence |       |     1 |       |       ||     1
         Sacrifice Words   |       |       |     1 |       ||     1
         Reject Sacrifices |       |       |     1 |       ||     1
         Sacrifice Arcana  |       |       |       |     1 ||     1
  Evoke: Wand              |       |     7 |     7 |    15 ||    29
    Use: Scroll            |     1 |     1 |     8 |     8 ||    18
         Potion            |       |       |       |     5 ||     5
   Stab: Distracted        |       |       |       |     1 ||     1
         Invisible         |       |       |       |     1 ||     1
 Armour: Scale mail        |    61 |    13 |       |       ||    74
         Ring mail         |       |   174 |   122 |   140 ||   436
  Dodge: Dodged            |    71 |   225 |   123 |   245 ||   664
  Block: Buckler           |    29 |    86 |    70 |    97 ||   282

Table legend: (Time is in decaauts)
 A = Elapsed time spent in this place.
 B = Non-inter-level travel time spent in this place.
 C = Inter-level travel time spent in this place.
 D = Time resting spent in this place.
 E = Time spent auto-exploring this place.
 F = Levels seen in this place.
 G = Mean time per level.
                   A        B        C        D        E       F      G
               +--------+--------+--------+--------+--------+-----+--------+
         Total |  18357 |  17733 |    624 |   5403 |   6985 |  15 | 1223.8 |
       Dungeon |  18272 |  17654 |    618 |   5403 |   6939 |  12 | 1522.7 |
        Temple |     57 |     51 |      6 |      0 |     46 |   1 |   57.0 |
          Lair |     18 |     18 |      0 |      0 |      0 |   1 |   18.0 |
  Orcish Mines |      8 |      8 |      0 |      0 |      0 |   1 |    8.0 |
               +--------+--------+--------+--------+--------+-----+--------+

Top non-repeatable levels by time:
    D:11: 3712 daAuts
     D:3: 2302 daAuts
     D:8: 2131 daAuts
    D:10: 1692 daAuts
     D:7: 1583 daAuts
     D:5: 1322 daAuts
     D:9: 1267 daAuts
     D:2: 1253 daAuts
     D:1: 994 daAuts
     D:6: 934 daAuts
     D:4: 925 daAuts
    D:12: 151 daAuts
  Temple: 57 daAuts
  Lair:1: 18 daAuts
   Orc:1: 8 daAuts
